 Dungeon Crawl Stone Soup version 0.28.0-53-g5a82cb258f (webtiles) character file.

Game seed: 17435926594420361239

305319 CryoSword the Bludgeoner (level 21, -13/204 HPs)
             Began as a Gargoyle Fighter on May 25, 2022.
             Was the Champion of the Shining One.
             Killed from afar by a crystal guardian (38 damage)
             ... with a crystal bolt
             ... led by a peacekeeper
             ... on level 2 of the Vaults.
             The game lasted 01:58:40 (59858 turns).

CryoSword the Bludgeoner (Gargoyle Fighter)        Turns: 59858, Time: 01:58:41

Health: -13/204    AC: 44    Str: 28    XL:     21   Next: 13%
Magic:  11/33      EV: 14    Int: 23    God:    the Shining One [******]
Gold:   1910       SH: 21    Dex: 14    Spells: 20/36 levels left

rFire   . . .      SeeInvis .   s - +7 eveningstar (protect)
rCold   + . .      Faith    .   Z - +3 warlock's mirror {reflect}
rNeg    + + +      Spirit   .   g - +2 scale mail {rC+}
rPois   ∞          Reflect  +   P - +2 helmet "Utsy" {Int+7}
rElec   +          Harm     .   K - scarf {repulsion}
rCorr   .          Rampage  +   Y - +2 pair of gloves {Dex+3}
Will    +....                   W - +1 pair of boots {rampage}
Stlth   ..........              E - amulet of magic regeneration
HPRegen 0.44/turn               r - ring of wizardry
MPRegen 0.63/turn               i - +6 ring of strength

@: berserking, divinely shielded, under a protective aura, flying, glowing,
repel missiles, very quick
A: sickness immunity, AC +16, big wings, negative energy resistance 1,
electricity resistance, torment resistance 1, petrification resistance
}: 2/15 runes: barnacled, gossamer
a: Renounce Religion, Divine Shield, Cleansing Flame, Summon Divine Warrior,
Brand Weapon With Holy Wrath


You were on level 2 of the Vaults.
You worshipped the Shining One.
The Shining One was exalted by your worship.
You visited 7 branches of the dungeon, and saw 34 of its levels.
You visited the Abyss 2 times.
You also visited: Ossuary and Gauntlet.

You collected 4058 gold pieces.
You spent 2148 gold pieces at shops.

Inventory:

Hand Weapons
 s - a +7 eveningstar of protection (weapon)
   (You took it off Urug on level 13 of the Dungeon)
Missiles
 f - 2 silver boomerangs
 G - 11 throwing nets
Armour
 g - a +2 scale mail of cold resistance (worn)
   (You bought it in a shop on level 2 of the Orcish Mines)
 K - a scarf of repulsion (worn)
   (You found it on level 10 of the Dungeon)
 P - the +2 helmet "Utsy" (worn) {Int+7}
   (You found it in a Gauntlet)

   Int:       It affects your intelligence (+7).
 W - a +1 pair of boots of rampaging (worn)
   (You bought it in a shop on level 2 of the Orcish Mines)
 Y - a +2 pair of gloves of dexterity (worn)
   (You found it on level 4 of the Spider Nest)
 Z - the +3 warlock's mirror (worn) {reflect}
   (You found it in a Gauntlet)

   It can block and reflect piercing ranged attacks and magical attacks against
   the wielder's willpower.
Magical Staves
 a - a staff of earth
   (You found it on level 5 of the Dungeon)
Jewellery
 i - a +6 ring of strength (right hand)
   (You found it on level 13 of the Dungeon)
 l - a ring of magical power
   (You took it off an orc on level 9 of the Dungeon)
 r - a ring of wizardry (left hand)
   (You took it off a merfolk impaler on level 4 of the Shoals)
 u - a ring of protection from fire
   (You found it on level 5 of the Dungeon)
 D - a ring of resist corrosion
   (You found it on level 4 of the Spider Nest)
 E - an amulet of magic regeneration (around neck)
   (You found it on level 7 of the Dungeon)
 M - the ring of Sodu {rF+ SInv}
   (You found it in a Gauntlet)

   [ring of protection from fire]

   rF:        It protects you from fire.
   SInv:      It lets you see invisible.
 T - a ring of protection from cold
   (You found it on level 5 of the Lair of Beasts)
 V - the ring of Veloida {Ice rElec Str+3 Int+3}
   (You took it off a minotaur in a Gauntlet)

   [ring of ice]

   It enhances your ice magic.
   Str:       It affects your strength (+3).
   Int:       It affects your intelligence (+3).
   rF:        It makes you vulnerable to fire.
   rC:        It protects you from cold.
   rElec:     It insulates you from electricity.
Wands
 e - a wand of digging (25)
   (You found it on level 6 of the Dungeon)
 C - a wand of paralysis (13) (quivered)
   (You found it on level 3 of the Spider Nest)
 F - a wand of iceblast (6)
   (You found it on level 4 of the Spider Nest)
 H - a wand of flame (110)
   (You found it on level 7 of the Dungeon)
 N - a wand of acid (11)
   (You found it on level 11 of the Dungeon)
Scrolls
 c - 20 scrolls of identify {@r1}
 j - a scroll of summoning
 k - 2 scrolls of blinking
 m - 6 scrolls of magic mapping
 n - 3 scrolls of silence
 v - 18 scrolls of teleportation {@r4}
 x - 4 scrolls of fog
 B - 2 scrolls of holy word
Potions
 b - 5 potions of haste {@q3}
 d - 5 potions of cancellation
 h - 5 potions of lignification {!q}
 o - 3 potions of resistance
 q - 6 potions of mutation {!q}
 t - 5 potions of curing {@q1}
 A - 4 potions of might
 I - 2 potions of brilliance
 L - 10 potions of ambrosia
 Q - 2 potions of magic
 X - 2 potions of berserk rage
Miscellaneous
 R - a box of beasts
   (You found it on level 13 of the Dungeon)
 U - a lightning rod (4/4) {!a}
   (You found it in a Gauntlet)


   Skills:
 * Level 15.9 Fighting
 * Level 16.4 Maces & Flails
 + Level 12.9 Armour
 + Level 9.5 Dodging
 + Level 12.7 Shields
 - Level 8.0 Spellcasting
 * Level 12.6 Conjurations
 - Level 6.0 Translocations
 - Level 2.0 Transmutations
 - Level 2.0 Air Magic
 * Level 13.8 Earth Magic
 - Level 3.4 Poison Magic
 + Level 12.3 Invocations
 - Level 5.0 Evocations


You had 20 spell levels left.
You knew the following spells:

 Your Spells              Type           Power      Damage    Failure   Level
a - Stone Arrow           Conj/Erth      100%       3d13      1%          3
b - Iron Shot             Conj/Erth      31%        9d6       4%          6
B - Blink                 Tloc           72%        N/A       1%          2
C - Mephitic Cloud        Conj/Pois/Air  37%        N/A       1%          3
P - Passwall              Tmut/Erth      37%        N/A       1%          2

Your spell library contained the following spells:

 Spells                   Type           Power      Damage    Failure   Level
 Sandblast                Erth           100%       2d20      1%          1
 Dazzling Flash           Conj/Hex       76%        N/A       1%          3
 Lesser Beckoning         Tloc           36%        N/A       1%          3
 Poisonous Vapours        Pois/Air       42%        N/A       3%          2
 Animate Armour           Summ/Erth      82%        N/A       3%          4
 Portal Projectile        Hex/Tloc       46%        N/A       5%          3
 Animate Skeleton         Necr           18%        N/A       6%          1
 Pain                     Necr           36%        1d5       6%          1
 Slow                     Hex            36%        N/A       6%          1
 Borgnjor's Vile Clutch   Necr/Erth      20%        N/A       10%         5
 Manifold Assault         Tloc           36%        N/A       14%         5
 Frozen Ramparts          Ice            18%        1d3       17%         3
 Summon Guardian Golem    Hex/Summ       9%         N/A       17%         3
 Vampiric Draining        Necr           9%         2d6       17%         3
 Orb of Destruction       Conj           30%        9d10      26%         7
 Ice Form                 Ice/Tmut       13%        N/A       34%         4
 Summon Lightning Spire   Summ/Air       13%        N/A       34%         4
 Summon Forest            Summ/Tloc      11%        N/A       41%         5
 Animate Dead             Necr           4%         N/A       47%         4
 Cause Fear               Hex            4%         N/A       47%         4
 Dispel Undead            Necr           9%         3d8       47%         4
 Summon Ice Beast         Ice/Summ       9%         N/A       47%         4
 Blade Hands              Tmut           9%         N/A       54%         5
 Dispersal                Tloc           18%        N/A       56%         6
 Excruciating Wounds      Necr           4%         N/A       82%         5
 Summon Mana Viper        Hex/Summ       9%         N/A       82%         5
 Lehudib's Crystal Spear  Conj/Erth      31%        10d8      82%         8
 Eringya's Noxious Bog    Tmut/Pois      10%        N/A       95%         6
 Spellforged Servitor     Conj/Summ      19%        N/A       97%         7
 Death Channel            Necr           4%         N/A       100%        6
 Simulacrum               Ice/Necr       4%         N/A       100%        6
 Summon Cactus Giant      Summ           4%         N/A       100%        6
 Haunt                    Necr/Summ      4%         N/A       100%        7
 Storm Form               Tmut/Air       9%         N/A       100%        7
 Disjunction              Tloc           18%        N/A       100%        8
 Infestation              Necr           4%         N/A       100%        8
 Maxwell's Capacitive Co  Air            9%         ∞         100%        8
 Death's Door             Necr           4%         N/A       100%        9


Dungeon Overview and Level Annotations

Branches:
Dungeon (15/15)            Temple (1/1) D:7            Lair (6/6) D:9
 Shoals (4/4) Lair:2       Spider (4/4) Lair:4        Slime (0/5) Lair:6
    Orc (2/2) D:9             Elf (0/3) Orc:2        Vaults (2/5) D:14
 Depths (0/4) D:15        Ossuary (visited)         Gauntlet (visited)
  Crypt: Vaults:2-3

Altars:
Ashenzari
Cheibriados
Dithmenos
Elyvilon
Fedhas
Gozag
Hepliaklqana
Kikubaaqudgha
Nemelex Xobeh
Okawaru
Qazlal
Ru
Sif Muna
Trog
Uskayaw
Vehumet
Wu Jian
Xom
Yredelemnul
Zin
The Shining One
Beogh
Jiyva
Lugonu

Shops:
D:2 (   D:5 (   Orc:2 *(=[[   Shoals:2 *   Vaults:1 *

Annotations:
Vaults:2 1 transporter


Innate Abilities, Weirdness & Mutations

You are immune to sickness and miasma.
Your stone body is resilient. (AC +16)
You are immune to poison.
Your large and strong wings let you fly.
You resist negative energy. (rN+)
You are resistant to electric shocks. (rElec)
You are resistant to unholy torment.
You are immune to petrification.


Message History

You barely miss the centaur warrior.
Strange energies crackle from the ironbound thunderhulk's apparatus.
The ironbound thunderhulk blinks!
The centaur warrior unwields a +0 longbow.
The centaur warrior hits you!
The centaur warrior kicks you but does no damage.
The dire elephant tramples you but does no damage.
You block the dire elephant's attack. You block the centaur warrior's attack.
The centaur warrior kicks you but does no damage.
There is an open door, spattered with blood here.
Things that are here:
a +0 longbow; 12 arrows The centaur warrior wields a +0 longbow.
The centaur warrior shoots an arrow.
You reflect the arrow off your +3 warlock's mirror {reflect}!
The arrow hits the centaur warrior!!
The centaur warrior barely misses you.
The centaur warrior kicks you but does no damage.
The centaur warrior hits you but does no damage.
The centaur warrior kicks you but does no damage.
You hear a roar!
You rampage towards the ironbound thunderhulk!
You hit the ironbound thunderhulk.
Strange energies crackle from the ironbound thunderhulk's apparatus.
The ironbound thunderhulk blinks!
The centaur warrior wields a +0 shortbow.
The centaur warrior shoots an arrow.
The arrow barely misses you.
A peacekeeper comes into view.
The peacekeeper roars!
The centaur warrior shoots an arrow.
The arrow completely misses you.
The peacekeeper roars a battlecry!
The centaur warrior unwields a +0 shortbow.
The centaur warrior hits you but does no damage.
You block the centaur warrior's attack.
The centaur warrior shoots an arrow.
The arrow hits you but does no damage.
The dire elephant tramples you but does no damage.
The dire elephant trunk-slaps you but does no damage.
The centaur warrior wields a +0 shortbow.
The centaur warrior shoots an arrow.
The arrow hits you but does no damage.
The centaur warrior shoots an arrow.
You reflect the arrow off your +3 warlock's mirror {reflect}!
The arrow hits the centaur warrior!
The centaur warrior shoots an arrow.
The arrow completely misses you.
You barely miss the ironbound thunderhulk.
The centaur warrior shoots an arrow.
The arrow hits you!
The centaur warrior shoots an arrow.
The arrow closely misses you.
The ironbound thunderhulk hits you with a +0 dire flail.
The dire elephant barely misses you.
The dire elephant trunk-slaps you but does no damage.
The centaur warrior shoots an arrow.
The arrow barely misses you.
You impale the ironbound thunderhulk!!
Your weapon exudes an aura of protection.
The centaur warrior shoots an arrow.
You reflect the arrow off your +3 warlock's mirror {reflect}!
The arrow hits the centaur warrior!!
The centaur warrior shoots an arrow.
The arrow hits you but does no damage.
Your shield is strengthened by the Shining One's divine power.
The centaur warrior shoots an arrow.
You reflect the arrow off your +3 warlock's mirror {reflect}!
The arrow completely misses the centaur warrior.
The dire elephant tramples you but does no damage.
The dire elephant trunk-slaps you but does no damage.
Strange energies crackle from the ironbound thunderhulk's apparatus.
The ironbound thunderhulk blinks!
The centaur warrior shoots an arrow.
You reflect the arrow off your +3 warlock's mirror {reflect}!
The arrow hits the centaur warrior!
You kill the centaur warrior!
Electricity crackles from the ironbound thunderhulk's apparatus.
The bolt of lightning is repelled.
The centaur warrior unwields a +0 shortbow.
You block the centaur warrior's attack. x2
There is an open door here.
The centaur warrior wields a +0 shortbow.
The centaur warrior shoots an arrow.
You reflect the arrow off your +3 warlock's mirror {reflect}!
The arrow closely misses the centaur warrior.
The arrow barely misses the peacekeeper.
A crystal guardian comes into view.
You block the ironbound thunderhulk's attack.
Aim: an ironbound thunderhulk, wielding a +0 dire flail and wearing a +0 animal skin (moderately wounded, haloed, 87% to hit)
The iron shot hits the ironbound thunderhulk!!!
You block the dire elephant's attack.
The dire elephant trunk-slaps you but does no damage.
The ironbound thunderhulk hits you but does no damage.
Aim: an ironbound thunderhulk, wielding a +0 dire flail and wearing a +0 animal skin (severely wounded, haloed, 87% to hit)
The iron shot hits the ironbound thunderhulk!!!
You kill the ironbound thunderhulk!
The peacekeeper hurls a volley of spikes at you.
Your +3 warlock's mirror {reflect} reflects the volley of spikes!
The volley of spikes hits the dire elephant.
The dire elephant completely misses you.
The dire elephant trunk-slaps you.
You puncture the peacekeeper!
Your weapon exudes an aura of protection.
The dire elephant barely misses you. You block the dire elephant's attack.
You block the peacekeeper's attack. x2
You puncture the peacekeeper! You block the peacekeeper's attack. x2
You hit the peacekeeper but do no damage.
You block the peacekeeper's attack. x2; The dire elephant tramples you!!
* * * LOW HITPOINT WARNING * * *
You are shoved backwards!
You pound the peacekeeper like an anvil!!!
You destroy the peacekeeper!
The centaur warrior unwields a +0 shortbow.
You block the centaur warrior's attack. x2
You hit the centaur warrior.
The dire elephant tramples you but does no damage.
You block the dire elephant's attack.
You barely miss the centaur warrior.
You block the centaur warrior's attack. x2
You block the dire elephant's attack.
The dire elephant trunk-slaps you but does no damage.
You hit the centaur warrior. You block the centaur warrior's attack.
The centaur warrior kicks you.
* * * LOW HITPOINT WARNING * * *
You block the dire elephant's attack. x2; The dire elephant tramples you!!
* * * LOW HITPOINT WARNING * * *
You are shoved backwards!
Aim: a crystal guardian (strong, haloed, 100% to hit)
The iron shot hits the dire elephant!!
You block the dire elephant's attack.
The dire elephant trunk-slaps you but does no damage.
The dire elephant tramples you.
* * * LOW HITPOINT WARNING * * *
You are shoved backwards!
Aim: a crystal guardian (strong, haloed, 100% to hit)
The iron shot hits the dire elephant!!
You block the dire elephant's attack. The dire elephant trunk-slaps you.
* * * LOW HITPOINT WARNING * * *
You puncture the centaur warrior!
You kill the centaur warrior!
Aim: a crystal guardian (strong, haloed, 100% to hit)
The iron shot hits the crystal guardian!
You block the dire elephant's attack. x2; The dire elephant barely misses you. x2
The crystal guardian fires a crystalline bolt at you.
The crystal bolt burns you!
* * * LOW HITPOINT WARNING * * *
A red film seems to cover your vision as you go berserk!
You feel yourself moving faster!
You feel mighty!
You block the dire elephant's attack. x2; The dire elephant tramples you.
* * * LOW HITPOINT WARNING * * *
You hold your ground!
The dire elephant trunk-slaps you!
* * * LOW HITPOINT WARNING * * *
You block the crystal guardian's attack.
You impale the crystal guardian!! You block the dire elephant's attack.
The dire elephant trunk-slaps you but does no damage.
The dire elephant tramples you but does no damage.
The dire elephant trunk-slaps you but does no damage.
You hit the crystal guardian.
The crystal guardian no longer looks unusually strong.
The crystal guardian fires a crystalline bolt at you.
The crystal bolt burns you!!!
You die...

#)#######.......# #...#.#≈≈#.#
..........####### #...#.#≈≈#.#
#####.#...# #...#.#≈§#.+ #.....#
#...#.####.# #...#.# #...#......#
#.....# #...#'###### ###########
#########...'..###.. ....#
#.......#...#..'.#.. ....#
#..@....#...##'#'#.. ....#
#.YY9...#...##.'.##' ....#
#..)....#...##'##.'. ....#
#.......#...#...#'#' ....#
#.......#...#.<.#.#.
##############'#######...#...###.
.........................########
.................................
.................................


You could see 2 dire elephants and a crystal guardian.

Vanquished Creatures
  A tentacled starspawn (Abyss:3)
  2 krakens (Shoals:1)
  A shadow dragon (Vaults:1)
  Agnes (Spider:4)
  An azure jelly (Lair:6)
  A storm dragon (Shoals:4)
  9 emperor scorpions
  A vault warden (Vaults:1)
  Aizul (Shoals:1)
  5 ghost moths
  3 very ugly things (Vaults:2)
  2 ironbound preservers
  4 ironbound thunderhulks
  2 broodmothers
  6 entropy weavers
  9 dire elephants
  A minotaur (Gauntlet)
  3 spark wasps
  8 merfolk impalers
  3 merfolk javelineers (Shoals:4)
  The ghost of Junaliek the Protected, a journeyman MiFi of Okawaru (Lair:2)
  Josephine (Lair:5)
  2 great orbs of eyes
  Fannar (Orc:2)
  14 hydras
  A peacekeeper (Vaults:2)
  A catoblepas (D:14)
  3 ironbound frosthearts
  7 boulder beetles
  3 merfolk avatars
  A jorogumo (Spider:1)
  14 centaur warriors
  2 alligator snapping turtles
  An ogre mage (D:15)
  3 radroaches
  2 dancing weapons (D:14)
  14 merfolk aquamancers
  5 satyrs
  4 tengu warriors
  8 two-headed ogres
  3 thrashing horrors
  The ghost of mmigdal the Skirmisher, a novice DsDe of Wu Jian (D:9)
  2 orc high priests (Orc:2)
  4 death yaks (Lair:5)
  Nergalle (Lair:4)
  Urug (D:13)
  5 wretched stars (Abyss:3)
  3 pharaoh ants
  A spectral death yak (Lair:6)
  7 steelbarb worms
  9 sea snakes
  A spectral anaconda (Lair:6)
  3 large abominations (Abyss:3)
  2 sun moths
  7 deep trolls
  23 harpies
  14 ironbound convokers
  2 wizards
  An obsidian statue (Lair:6)
  A lindwurm (Lair:3)
  14 orb spiders
  2 tengu zombies (Vaults:2)
  A phantasmal warrior (Vaults:2)
  5 necromancers
  13 orc knights
  3 deep elf pyromancers
  26 fauns
  14 wolf spiders
  9 cyclopes
  27 ugly things
  15 manticores
  5 orc sorcerers
  3 moths of wrath (Spider:3)
  A frost giant zombie (Vaults:1)
  A tengu skeleton (Vaults:1)
  2 human skeletons
  11 merfolk sirens
  17 elephants
  13 water nymphs
  A black mamba (Lair:4)
  6 vault sentinels
  A naga mage (D:15)
  5 torpor snails
  10 cane toads
  An orange demon (Abyss:2)
  A centaur skeleton (D:15)
  An unseen horror (D:13)
  9 komodo dragons
  8 demonic crawlers
  2 freezing wraiths
  A rime drake (Lair:4)
  5 efreet
  2 ice devils (Lair:5)
  8 starcursed masses (Abyss:3)
  2 tengu conjurers
  A hellwing (Abyss:3)
  An ancient zyme (Abyss:3)
  31 merfolk
  6 trolls
  A queen bee (D:13)
  18 meliai
  2 polar bears (Lair:3)
  10 wind drakes
  A harpy skeleton (D:15)
  A raiju (Abyss:3)
  A spectral elephant (Lair:6)
  23 tarantellas
  3 blink frogs (Lair:2)
  12 slime creatures
  7 snapping turtles
  11 dream sheep
  12 culicivoras
  31 jumping spiders
  6 air elementals (Shoals:4)
  3 shadows
  16 water elementals
  10 wraiths
  A centaur simulacrum (D:15)
  A flying skull (Abyss:3)
  A ynoxinul (Abyss:3)
  82 yaks
  3 basilisks
  A basilisk (shapeshifter) (D:14)
  A hog (shapeshifter) (Abyss:3)
  4 wyverns
  4 death yak simulacra (Lair:6)
  A golden eye (Abyss:3)
  13 vampire mosquitoes
  44 redbacks
  3 steam dragons
  4 wargs
  Menkaure (D:7)
  A spectral cane toad (Lair:6)
  5 acid dragons
  15 water moccasins
  Duvessa (D:7)
  A meliai simulacrum (D:15)
  A small abomination (Abyss:3)
  An ice beast (D:5)
  A swamp drake (D:9)
  28 orc warriors
  A black bear (Lair:4)
  2 elephant zombies (Lair:6)
  14 ogres
  9 wolves
  3 boggarts
  4 centaurs (D:13)
  2 elephant skeletons (Lair:6)
  4 phantoms
  A glowing shapeshifter simulacrum (Vaults:1)
  A gnoll sergeant (D:9)
  Blork the orc (D:6)
  14 bullfrogs
  A wyvern zombie (D:8)
  An earth elemental (Abyss:3)
  A cane toad simulacrum (Lair:6)
  An ogre simulacrum (Vaults:2)
  4 scorpions
  A water moccasin zombie (D:5)
  Dowan (D:7)
  29 killer bees
  3 elephant simulacra (Lair:6)
  5 wights (D:9)
  A bullfrog zombie (D:6)
  4 centaur zombies
  4 human zombies
  24 orc priests
  4 jellies
  2 gnoll shamans
  2 hounds
  A bullfrog skeleton (D:4)
  An iguana (D:6)
  Natasha (thrice) (D:2)
  5 hell rats (Lair:6)
  A scorpion zombie (D:5)
  36 orc wizards
  3 mummies (Ossuary)
  A howler monkey zombie (D:9)
  3 adders
  14 gnolls
  3 shadow imps
  3 white imps
  4 ufetubi
  An adder skeleton (D:4)
  A worm (D:4)
  2 dart slugs
  76 orcs
  5 ball pythons
  2 bats
  9 endoplasms
  2 gnoll zombies (Ossuary)
  8 goblins
  6 hobgoblins
  3 jackals (D:1)
  2 kobolds
  2 quokkas
  6 frilled lizards
  3 goblin zombies (Ossuary)
  2 hobgoblin zombies (Ossuary)
  5 kobold zombies (Ossuary)
  10 rats
  A lurking horror (Abyss:3)
  A starspawn tentacle (Abyss:3)
  6 tentacles (Shoals:1)
1288 creatures vanquished.

Vanquished Creatures (collateral kills)
  Saint Roka (Orc:2)
  An orc warlord (Vaults:1)
  An ironbound preserver (Vaults:1)
  A tengu warrior (D:14)
  2 deep trolls (Vaults:1)
  An ironbound convoker (Vaults:1)
  A necromancer (Vaults:1)
8 creatures vanquished.

Vanquished Creatures (others)
  A black mamba (Lair:5)
  An orc wizard (Orc:2)
  An orc (D:2)
  22 fungi
  102 plants
  4 starspawn tentacles (Abyss:3)
  14 tentacles (Shoals:1)
  16 withered plants
161 creatures vanquished.

Grand Total: 1457 creatures vanquished

Notes
Turn   | Place    | Note
-------+----------+-------------------------------------------
     0 | D:1      | CryoSword the Gargoyle Fighter began the quest for the Orb.
     0 | D:1      | Reached XP level 1. HP: 14/14 MP: 1/1
   399 | D:1      | Reached XP level 2. HP: 12/19 MP: 2/2
   791 | D:1      | Reached skill level 3 in Maces & Flails
   965 | D:1      | Found a faded altar of an unknown god.
  1201 | D:2      | Reached XP level 3. HP: 15/23 MP: 3/3
  1813 | D:2      | Reached XP level 4. HP: 28/28 MP: 4/4
  2072 | D:2      | Reached skill level 4 in Maces & Flails
  2486 | D:2      | Found Fyugeok's Antique Weapon Shop.
  2614 | D:2      | Noticed Natasha
  2625 | D:2      | Killed Natasha
  2626 | D:2      | Reached XP level 5. HP: 23/32 MP: 5/5
  2955 | D:2      | Noticed Natasha
  2965 | D:2      | Killed Natasha
  3282 | D:2      | Noticed Natasha
  3297 | D:2      | Killed Natasha
  3463 | D:2      | Found Fyugeok's Antique Weapon Shop.
  3829 | D:2      | Reached skill level 5 in Maces & Flails
  4566 | D:3      | Identified the +9 spear of Suorgh {vorpal, rPois Str-4
                  | Dex+6}
  4662 | D:3      | Reached XP level 6. HP: 37/37 MP: 6/6
  4934 | D:4      | Reached skill level 5 in Shields
  4954 | D:4      | Found an opulent altar of Gozag.
  5005 | D:4      | Reached skill level 6 in Maces & Flails
  5343 | D:3      | Reached XP level 7. HP: 27/41 MP: 7/7
  5597 | D:4      | Found a radiant altar of Vehumet.
  5661 | D:4      | Found an ornate altar of the Wu Jian Council.
  5864 | D:4      | Found a stormy altar of Qazlal.
  5921 | D:4      | Found a hide-covered altar of Uskayaw.
  6086 | D:5      | Entered Level 5 of the Dungeon
  6149 | D:5      | Reached skill level 7 in Maces & Flails
  6399 | D:5      | Reached XP level 8. HP: 44/46 MP: 5/8
  6512 | D:5      | Reached skill level 8 in Maces & Flails
  6662 | D:5      | Found Siusmuv's Antique Weapon Emporium.
  6670 | D:5      | Bought a pitted mace for 200 gold pieces
  6670 | D:5      | Identified the +1 mace of Irksome Gallantry {vorpal, rElec
                  | Str+3 Dex+3} (You bought it in a shop on level 5 of the
                  | Dungeon)
  6693 | D:5      | Found a hazy altar of Hepliaklqana.
  6694 | D:5      | Found a snail-covered altar of Cheibriados.
  7015 | D:5      | Noticed a wyvern
  7022 | D:5      | Killed a wyvern
  7136 | D:6      | Noticed a yak
  7136 | D:6      | Noticed a yak
  7136 | D:6      | Noticed a yak
  7136 | D:6      | Noticed a yak
  7136 | D:6      | Noticed a yak
  7176 | D:5      | Killed a yak
  7177 | D:5      | Reached skill level 9 in Maces & Flails
  7183 | D:5      | Killed a yak
  7336 | D:6      | Found a shadowy altar of Dithmenos.
  7353 | D:6      | Reached XP level 9. HP: 49/51 MP: 9/9
  7420 | D:6      | Found a sand-covered staircase.
  7422 | D:6      | Noticed Blork the orc
  7431 | D:6      | Killed Blork the orc
  7435 | Ossuary  | Entered an ossuary
  7763 | Ossuary  | Reached skill level 10 in Maces & Flails
  8540 | D:6      | Found a basalt altar of Yredelemnul.
  8927 | D:6      | Reached skill level 11 in Maces & Flails
  9196 | D:7      | Noticed Duvessa
  9196 | D:7      | Noticed Dowan
  9211 | D:7      | Killed Duvessa
  9213 | D:7      | Killed Dowan
  9274 | D:7      | Found a staircase to the Ecumenical Temple.
  9304 | Temple   | Entered the Ecumenical Temple
  9316 | Temple   | Became a worshipper of the Shining One
  9379 | D:7      | Found a sacrificial altar of Ru.
  9405 | D:7      | Noticed Menkaure
  9417 | D:7      | Killed Menkaure
  9698 | D:7      | Reached XP level 10. HP: 56/56 MP: 10/10
 10389 | D:8      | Reached skill level 1 in Invocations
 10437 | D:8      | Reached * piety under the Shining One
 10907 | D:8      | Reached skill level 1 in Dodging
 11017 | D:8      | Found a sparkling altar of Nemelex Xobeh.
 11275 | D:8      | Found a shimmering altar of Xom.
 11848 | D:9      | Found a white marble altar of Elyvilon.
 12186 | D:8      | Reached skill level 12 in Maces & Flails
 12709 | D:9      | Found a staircase to the Lair.
 12896 | D:9      | Reached ** piety under the Shining One
 12981 | D:9      | Reached skill level 5 in Fighting
 13003 | D:9      | Found a runed translucent door.
 13125 | D:9      | Noticed mmigdal's ghost (novice DsDe)
 13494 | D:9      | Found a staircase to the Orcish Mines.
 13729 | D:10     | Entered Level 10 of the Dungeon
 13855 | D:9      | Reached skill level 5 in Armour
 13855 | D:9      | Reached XP level 11. HP: 28/64 MP: 13/13
 14554 | D:10     | Noticed a two-headed ogre
 14577 | D:10     | Killed a two-headed ogre
 14976 | D:11     | Noticed a six-headed hydra
 14992 | D:11     | Reached *** piety under the Shining One
 14994 | D:11     | Noticed a two-headed ogre
 15004 | D:11     | Killed a two-headed ogre
 15406 | D:11     | Reached skill level 13 in Maces & Flails
 15448 | D:11     | Noticed a two-headed ogre
 15460 | D:11     | Killed a two-headed ogre
 15879 | D:11     | Reached skill level 5 in Invocations
 16058 | D:11     | Learned a level 6 spell: Iron Shot
 16435 | Lair:1   | Entered Level 1 of the Lair of Beasts
 16757 | D:5      | Bought a masterwork whip for 187 gold pieces
 16757 | D:5      | Identified the +6 whip "Mehyxtem" {elec, Dex+3} (You bought
                  | it in a shop on level 5 of the Dungeon)
 17037 | Lair:1   | Reached XP level 12. HP: 74/74 MP: 16/16
 17964 | Lair:2   | Noticed a four-headed hydra
 17976 | Lair:2   | Killed a four-headed hydra
 18516 | Lair:2   | Noticed a seven-headed hydra
 18529 | Lair:2   | Killed a seven-headed hydra
 18530 | Lair:2   | Reached skill level 14 in Maces & Flails
 18759 | Lair:2   | Found a runed translucent door.
 18759 | Lair:2   | Noticed Junaliek's ghost (journeyman MiFi)
 18845 | Lair:2   | Found a staircase to the Shoals.
 19485 | Lair:3   | Reached skill level 10 in Fighting
 19496 | Lair:3   | Reached skill level 1 in Earth Magic
 19553 | Lair:3   | Reached skill level 1 in Conjurations
 19680 | Lair:3   | Got the Volume of Stolen Souls
 19691 | Lair:3   | Noticed a five-headed hydra
 19706 | Lair:3   | Reached skill level 1 in Spellcasting
 19713 | Lair:3   | Killed a five-headed hydra
 19714 | Lair:3   | Reached skill level 5 in Dodging
 19714 | Lair:3   | Reached XP level 13. HP: 53/82 MP: 13/18
 20666 | Lair:4   | Found a hole to the Spider Nest.
 20681 | Lair:4   | Noticed Nergalle
 20710 | Lair:4   | Killed Nergalle
 21387 | Lair:5   | Reached **** piety under the Shining One
 21489 | Lair:5   | Noticed Josephine
 21493 | Lair:5   | Reached skill level 10 in Shields
 21509 | Lair:5   | Killed Josephine
 21849 | Lair:5   | Found a gate leading to a gauntlet.
 21875 | Gauntlet | Entered a Gauntlet
 21875 | Gauntlet | Found a transporter.
 21888 | Gauntlet | Noticed a blizzard demon
 21948 | Gauntlet | Found a transporter.
 21950 | Gauntlet | Noticed an entropy weaver
 21951 | Gauntlet | Found a transporter.
 21955 | Gauntlet | Found a transporter.
 21957 | Gauntlet | Found a large runed translucent door.
 21957 | Gauntlet | Found a large runed translucent door.
 21958 | Gauntlet | Found a large runed translucent door.
 21958 | Gauntlet | Found a large runed translucent door.
 21959 | Gauntlet | Found a large runed translucent door.
 21959 | Gauntlet | Found a large runed translucent door.
 21959 | Gauntlet | Found a runed translucent door.
 21959 | Gauntlet | Found a runed translucent door.
 21960 | Gauntlet | Found a large runed translucent door.
 21960 | Gauntlet | Found a runed translucent door.
 21960 | Gauntlet | Found a large runed translucent door.
 21961 | Gauntlet | Found a large runed translucent door.
 21961 | Gauntlet | Found a large runed translucent door.
 21962 | Gauntlet | Found a transporter.
 21962 | Gauntlet | Found a transporter.
 21962 | Gauntlet | Found a large runed translucent door.
 21962 | Gauntlet | Found a large runed translucent door.
 21963 | Gauntlet | Found a runed translucent gate.
 21963 | Gauntlet | Found a runed translucent gate.
 21963 | Gauntlet | Found a runed translucent gate.
 21964 | Gauntlet | Found a transporter.
 21964 | Gauntlet | Noticed a great orb of eyes
 21965 | Gauntlet | Found a transporter.
 21974 | Gauntlet | Found a runed translucent door.
 21985 | Gauntlet | Found a transporter.
 22002 | Gauntlet | Found a transporter.
 22006 | Gauntlet | Found a transporter.
 22017 | Gauntlet | Found a transporter.
 22079 | Gauntlet | Found a large runed translucent door.
 22079 | Gauntlet | Found a large runed translucent door.
 22082 | Gauntlet | Found a large runed translucent door.
 22082 | Gauntlet | Found a large runed translucent door.
 22148 | Gauntlet | Killed an entropy weaver
 22163 | Gauntlet | Identified the +2 helmet "Utsy" {Int+7}
 22203 | Gauntlet | Killed a great orb of eyes
 22204 | Gauntlet | Gained mutation: Your large and strong wings let you fly.
                  | [Gargoyle growth]
 22204 | Gauntlet | Reached XP level 14. HP: 68/91 MP: 19/19
 22211 | Gauntlet | Identified the ring of Sodu {rF+ SInv}
 22303 | Gauntlet | Identified the ring of Veloida {Ice rElec Str+3 Int+3}
 22331 | Gauntlet | Found the +3 warlock's mirror {reflect}
 22344 | Gauntlet | Identified the +1 leather armour "Keorol" {Int+4 SInv
                  | Stlth-}
 22569 | Lair:5   | Reached skill level 5 in Earth Magic
 23412 | Lair:6   | Entered Level 6 of the Lair of Beasts
 23532 | Lair:6   | Reached ***** piety under the Shining One
 23638 | Lair:6   | Reached skill level 5 in Conjurations
 23777 | Lair:6   | Noticed a dire elephant
 23777 | Lair:6   | Noticed a dire elephant
 23777 | Lair:6   | Noticed a dire elephant
 24372 | Lair:6   | Found a runed translucent door.
 24373 | Lair:6   | Found a viscous altar of Jiyva.
 24374 | Lair:6   | Found a staircase to the Slime Pits.
 24374 | Lair:6   | Noticed an azure jelly
 25315 | Lair:6   | Noticed a dire elephant
 25341 | Lair:6   | Killed a dire elephant
 25389 | Lair:6   | Found the +8 demon trident "Rift" {distort, reach+}
 25888 | Lair:6   | Killed a dire elephant
 25894 | Lair:6   | Killed a dire elephant
 25948 | Lair:6   | Killed a dire elephant
 25949 | Lair:6   | Reached skill level 5 in Spellcasting
 26162 | Lair:6   | Got the Compendium of Flying Dark Rituals
 26167 | Lair:6   | Learned a level 2 spell: Blink
 26488 | D:12     | Reached XP level 15. HP: 98/98 MP: 22/22
 26685 | D:12     | Reached skill level 1 in Translocations
 27549 | D:13     | Noticed Urug
 27565 | D:13     | Killed Urug
 28025 | D:13     | Reached skill level 10 in Armour
 28260 | D:13     | Found a broken altar of Ashenzari.
 29318 | D:14     | Reached ****** piety under the Shining One
 29346 | D:14     | Cast into level 2 of the Abyss (a wizard)
 29394 | D:14     | Escaped the Abyss
 29464 | D:14     | Reached skill level 15 in Maces & Flails
 30000 | D:14     | Got the Tome of Conjuration
 30293 | D:14     | Reached skill level 1 in Evocations
 30592 | D:14     | Found a gate to the Vaults.
 30602 | D:14     | Reached skill level 16 in Maces & Flails
 30602 | D:14     | Reached XP level 16. HP: 28/104 MP: 5/23
 31195 | D:15     | Entered Level 15 of the Dungeon
 31382 | D:15     | Found a staircase to the Depths.
 31457 | D:15     | Reached skill level 5 in Evocations
 32087 | D:15     | Found an iron altar of Okawaru.
 32747 | Orc:1    | Entered Level 1 of the Orcish Mines
 32830 | Orc:2    | Entered Level 2 of the Orcish Mines
 33022 | Orc:1    | Noticed Fannar
 33499 | Orc:2    | Killed Fannar
 34732 | Orc:2    | Noticed Erolcha
 34735 | Orc:2    | Noticed Erolcha
 34735 | Orc:2    | Erolcha changed into Erolcha the basilisk
 34738 | Orc:2    | Killed Erolcha the basilisk
 34784 | Orc:2    | Found a staircase to the Elven Halls.
 34799 | Orc:2    | Noticed Saint Roka
 35339 | Orc:2    | Found Iqotwubuck's Antique Armour Shoppe.
 35346 | Orc:2    | Bought a blackened scale mail for 234 gold pieces
 35346 | Orc:2    | Identified the +2 scale mail of the Demon Prince {Str+4}
                  | (You bought it in a shop on level 2 of the Orcish Mines)
 35346 | Orc:2    | Bought a pair of runed gloves for 195 gold pieces
 35346 | Orc:2    | Bought a pair of embroidered boots for 195 gold pieces
 36517 | Orc:2    | Killed Saint Roka
 36518 | Orc:2    | Reached skill level 10 in Invocations
 36872 | Orc:2    | Found Erhix's Jewellery Shop.
 36879 | Orc:2    | Found Laqoec's General Store.
 36888 | Orc:2    | Found Ripos's Antique Armour Shop.
 36905 | Orc:2    | Bought a pair of embroidered boots for 225 gold pieces
 36944 | Orc:2    | Bought a potion of haste for 100 gold pieces
 37090 | Orc:2    | Found Dautar's Antique Weapon Shop.
 37291 | Spider:1 | Entered Level 1 of the Spider Nest
 38851 | Spider:1 | Reached XP level 17. HP: 107/111 MP: 24/24
 41574 | Spider:3 | Reached skill level 5 in Translocations
 42868 | Spider:3 | Reached skill level 10 in Earth Magic
 43231 | Spider:4 | Entered Level 4 of the Spider Nest
 43391 | Spider:4 | Got the Catalogue of Hexes
 43563 | Spider:4 | Learned a level 3 spell: Stone Arrow
 43566 | Spider:4 | Learned a level 2 spell: Passwall
 43635 | Spider:4 | Noticed Agnes
 43652 | Spider:4 | Killed Agnes
 43728 | Spider:4 | Identified the +1 leather armour of Noughts and Crosses
                  | {rElec rC- Int+9}
 44119 | Spider:4 | Reached XP level 18. HP: 78/117 MP: 24/27
 44703 | Spider:4 | Reached skill level 1 in Transmutations
 44940 | Spider:4 | Reached skill level 10 in Conjurations
 45137 | Spider:4 | Got a gossamer rune of Zot
 45169 | Spider:4 | Reached XP level 19. HP: 123/123 MP: 30/30
 45356 | D:9      | Killed mmigdal's ghost
 45539 | Lair:2   | Killed Junaliek's ghost
 46065 | Vaults:1 | Entered Level 1 of the Vaults
 46562 | Orc:2    | Bought a glowing scale mail for 182 gold pieces
 46588 | Orc:2    | Bought a glowing scale mail for 210 gold pieces
 47167 | Shoals:1 | Entered Level 1 of the Shoals
 48116 | Shoals:1 | Noticed Aizul
 48137 | Shoals:1 | Killed Aizul
 49082 | Shoals:1 | Reached skill level 15 in Fighting
 49667 | Shoals:2 | Found Puirega's Mayhem Merchandise.
 51060 | Shoals:3 | HP: 6/124 [snapping turtle (7)]
 51060 | Shoals:3 | The Shining One protects you from harm!
 51786 | Shoals:3 | Reached XP level 20. HP: 121/129 MP: 32/32
 52957 | Shoals:4 | Entered Level 4 of the Shoals
 53031 | Shoals:4 | Paralysed by an air elemental for 1 turns
 53065 | Shoals:4 | Cast into level 2 of the Abyss (merfolk impaler)
 53378 | Abyss:3  | Found a corrupted altar of Lugonu.
 53720 | Shoals:4 | Escaped the Abyss
 53725 | Shoals:4 | HP: 5/129 [merfolk impaler/+4 trident of protection (10)]
 54247 | Shoals:4 | Learned a level 3 spell: Mephitic Cloud
 54656 | Shoals:4 | Got a barnacled rune of Zot
 54657 | Shoals:4 | Identified the -3 pair of boots "Duhois" {Will- Slay+5}
 54660 | Shoals:4 | Got the Collected Works on Shape Shifting and the Oath
 54712 | Shoals:4 | Reached skill level 1 in Poison Magic
 55131 | Shoals:4 | Paralysed by an air elemental for 1 turns
 55668 | Shoals:4 | Reached skill level 1 in Air Magic
 56720 | Vaults:1 | You are sucked into a shaft and drop 1 floor!
 57465 | Vaults:1 | Found Vaafosaf's General Store.
 57474 | Vaults:1 | Bought a scroll of brand weapon for 280 gold pieces
 57474 | Vaults:1 | Bought a potion of haste for 140 gold pieces
 59066 | Vaults:2 | Reached XP level 21. HP: 75/136 MP: 18/33
 59293 | Vaults:2 | Found a transporter.
 59294 | Vaults:2 | Found a radiant altar of Vehumet.
 59858 | Vaults:2 | Killed from afar by a crystal guardian

Illustrated notes

Levels and vault maps discovered:
D:1:      dpeg_arrival_tiny_a, layout_basic,
          shapermc_ecumenical_altar_mp_ritualfount, grunt_decor_cap
D:2:      layout_basic, serial_shops, shop, uniq_natasha
D:3:      layout_basic
D:4:      layout_basic, nicolae_qazlal_general_emergency,
          nicolae_gozag_cash_rules_everything_around_me,
          nicolae_uskayaw_suspiria, mainiacjoe_overflow_alcove_2,
          nicolae_vehumet_altar_sigil, kennysheep_small_circle
D:5:      layout_basic, nicolae_overflow_hidden_temple, serial_shops, shop,
          minmay_stone_trees_large
D:6:      layout_basic, amcnicky_altar_gilded, lemuel_doored_altar,
          chequers_ossuary_entry_cave, uniq_blork_the_orc
D:7:      layout_basic, hangedman_ru_absence, minmay_temple_entry_waves,
          uniq_menkaure, uniq_duvessa
D:8:      layout_layer_cave, marbit_many_paths,
          nemelex_xobeh_ov_fountains_minmay
D:9:      layout_roguey, elyvilon_altar_5, erik_lair_orcish_takeover,
          erik_orc_1, gammafunk_ghost_grave
D:10:     layout_loops_cross, nicolae_elevator_lobby_plus
D:11:     minmay_chambers_of_sixes, layout_stronghold
D:12:     layout_loops_cross
D:13:     layout_loops_cross, special_room [special_room_bee],
          ashenzari_conservatory_becter, uniq_urug
D:14:     minmay_the_grid_square_5x5_3x3
          [minmay_the_grid_square_5x5_sharp_hourglass,
          minmay_the_grid_square_5x5_two_walls_a,
          minmay_the_grid_square_5x5_minimal,
          minmay_the_grid_square_5x5_moneybag,
          minmay_the_grid_square_5x5_megaprize_crossed,
          minmay_the_grid_square_5x5_hollow_slash,
          minmay_the_grid_square_5x5_mess, minmay_the_grid_square_5x5_bracketed,
          minmay_the_grid_square_5x5_n], layout_cave_pods, erik_vaults_1,
          serial_glass, glass_columns_c, glass_columns_a, item_on_display_b,
          minmay_strange_pillars, minmay_misc_feat_plants,
          minmay_splitting_lines
D:15:     grunt_enter_depths_magical_seal, layout_irregular_city,
          okawaru_trees_1
Temple:   corrupted_temple
Lair:1:   layout_small_grid, minivault_24, ldierk_geyser,
          hangedman_lair_unloving_vines
Lair:2:   layout_regular_city, elwin_shoals_entry_stream, gammafunk_ghost_grave,
          lemuel_fruit_fields
Lair:3:   layout_loops_ring, nicolae_lair_lindhole, grunt_megastairs_1
Lair:4:   layout_loops_ring, dummy_spider_entry, lemuel_fruit_tree,
          uniq_nergalle
Lair:5:   layout_regular_city, gauntlet_entry_generic,
          portal_ice_cave_demonic_guard, uniq_josephine
Lair:6:   due_jungle_book, layout_cave_pods, slime_altar_2, ldierk_geyser,
          st_stairs_6, infiniplex_staircase_pool_2
Shoals:1: layout_shoals, uniq_aizul
Shoals:2: layout_shoals, minmay_shop_mayhem, nicolae_shoals_aquamancer_cove
Shoals:3: layout_shoals, nicolae_shoals_nymph_descending_staircase
Shoals:4: shoals_end_hellmonk_storm_palace [storm_palace_center_ruins,
          storm_palace_corner_pillars, storm_palace_corner_blocked,
          storm_palace_corner_reverse_hut, storm_palace_corner_narrow],
          serial_shops
Spider:1: layout_chambers, hellmonk_test_site
Spider:2: layout_cave_pods
Spider:3: layout_spider_delve
Spider:4: grunt_spider_rune_circles, uniq_agnes
Orc:1:    layout_caves, guppyfry_orc_lava_fort, uniq_fannar
Orc:2:    grunt_orc_cross, layout_diamond_mine, serial_shops,
          nicolae_shop_advertising_works [nicolae_subvault_shop_adworks],
          nicolae_orc_stony_grotto, uniq_erolcha
Vaults:1: vaults_room_grid, ontoclasm_vaults_twist,
          nicolae_vaults_circle_grid_b, hangedman_vaults_corner_blocks,
          nicolae_vaults_display_case, nicolae_vaults_asterisk,
          ontoclasm_vaults_chip, vaults_room_pool, vaults_mumra_hex,
          layout_vaults_big_room, serial_shops, nicolae_lakefront_shop
Vaults:2: gammafunk_sealed_library, hangedman_vaults_stitches,
          hangedman_vaults_capsules, ontoclasm_vaults_ligature,
          nicolae_vaults_little_squares_6, vaults_dpeg_encased_lava, v_misc_19,
          nicolae_vaults_little_squares_4, layout_vaults_quadrants

Skill      XL: |  1  2  3  4  5  6  7  8  9 10 11 12 13 14 15 16 17 18 19 20 |
---------------+-------------------------------------------------------------+-----
Maces & Flails | 3 4 5 6 7 9 11 12 13 14 16 | 16.4
Shields        | 4 5 6 7 9 10 11 12 | 12.7
Invocations    | 3 5 6 7 9 10 11 12 | 12.3
Dodging        | 2 3 5 6 7 8 9 |  9.5
Fighting       | 6 8 10 11 13 14 15 | 15.9
Armour         | 5 6 7 8 9 10 11 12 | 12.9
Earth Magic    | 1 4 6 7 8 10 12 13 | 13.8
Conjurations   | 1 4 6 7 9 10 11 12 | 12.6
Spellcasting   | 1 3 5 6 7 8 |  8.0
Translocations | 2 4 5 6 |  6.0
Evocations     | 3 5 |  5.0
Transmutations | 1 2 |  2.0
Poison Magic   | 3 |  3.4
Air Magic      | 2 |  2.0

Action                   |  1- 3 |  4- 6 |  7- 9 | 10-12 | 13-15 | 16-18 | 19-21 || total
-------------------------+-------+-------+-------+-------+-------+-------+-------++-------
Melee: Flail             |   101 |    66 |   388 |   555 |       |       |       ||  1110
       Whip              |    60 |   146 |       |   276 |  1360 |       |       ||  1842
       Mace              |       |       |    15 |       |       |       |       ||    15
       Eveningstar       |       |       |       |       |   278 |  1243 |  1276 ||  2797
Throw: Throwing net      |       |       |       |     4 |       |       |       ||     4
       Boomerang         |       |       |       |       |       |     1 |       ||     1
 Cast: Stone Arrow       |       |       |       |       |       |       |    75 ||    75
       Iron Shot         |       |       |       |       |       |       |    24 ||    24
Invok: Divine Shield     |       |       |       |     7 |    16 |    21 |    15 ||    59
       Cleansing Flame   |       |       |       |       |     8 |    10 |     7 ||    25
       Summon Divine War |       |       |       |       |       |     1 |       ||     1
Evoke: Wand              |       |     5 |     8 |    12 |     9 |     3 |       ||    37
       Box of beasts     |       |       |       |       |     1 |       |       ||     1
  Use: Potion            |       |     4 |     1 |       |     2 |     6 |     8 ||    21
       Scroll            |       |       |     7 |     9 |    12 |     2 |    10 ||    40
 Stab: Paralysed         |       |    14 |    16 |       |       |       |       ||    30
Armor: Scale mail        |    80 |   109 |   166 |   330 |   549 |   784 |   709 ||  2727
Dodge: Dodged            |    66 |    78 |   118 |   281 |   539 |   638 |   603 ||  2323
       Repelled          |       |       |       |     1 |     1 |     1 |    12 ||    15
Block: Buckler           |    38 |    34 |    94 |   218 |   639 |   857 |   816 ||  2696
       Reflection        |       |       |       |       |     4 |    31 |   128 ||   163
